 Dungeon Crawl Stone Soup version 0.31-a0-198-g2ad674f65e (webtiles) character file.

Game seed: 13875797410747681371

235 Dylgear the Shield-Bearer (level 6, -4/48 HPs)
             Began as a Formicid Fighter on June 25, 2023.
             Was an Initiate of Wu Jian.
             Slain by Menkaure (5 damage)
             ... on level 4 of the Dungeon.
             The game lasted 00:06:11 (2311 turns).

Dylgear the Shield-Bearer (Formicid Fighter)        Turns: 2311, Time: 00:06:11

Health: -4/48      AC: 10    Str: 20    XL:     6   Next: 26%
Magic:  6/6        EV:  9    Int:  8    God:    Wu Jian [......]
Gold:   150        SH:  5    Dex: 15    Spells: 5/5 levels left

rFire   + . .        a - +0 war axe
rCold   + . .        c - +0 buckler
rNeg    . . .        b - +0 scale mail
rPois   +            (helmet unavailable)
rElec   +            m - +1 cloak {Will+}
rCorr   +            (no gloves)
SInv    +            o - +0 pair of boots
Will    +....        (no amulet) Stlth
                     (no ring)
HPRegen 0.28/turn    (no ring)
MPRegen 0.10/turn

%: no passive effects
@: brilliant, resistant
A: permanent stasis, dig shafts and tunnels, antennae 3, four strong arms
a: Dig, Shaft Self, Renounce Religion


You were on level 4 of the Dungeon.
You worshipped Wu Jian.
Wu Jian was noncommittal.
You visited 2 branches of the dungeon, and saw 5 of its levels.

You collected 150 gold pieces.

Inventory:

Hand Weapons
 a - a +0 war axe (weapon)
Armour
 b - a +0 scale mail (worn)
 c - a +0 buckler (worn)
 m - a +1 cloak of willpower (worn)
 o - a +0 pair of boots (worn)
Wands
 p - a wand of charming (4)
Scrolls
 i - a scroll of fear
 j - a scroll of fog
 k - a scroll of teleportation
Potions
 e - 3 potions of curing
 f - 4 potions of lignification


   Skills:
 + Level 4.1 Fighting
 + Level 4.2 Axes
 + Level 4.4 Armour
 + Level 0.6 Dodging
 + Level 0.3 Stealth
 + Level 5.0 Shields


You had 5 spell levels left.
You didn't know any spells.
Your spell library contained the following spells:

 Spells                   Type           Power      Damage    Failure   Level
 Lesser Beckoning         Tloc           0%         N/A       91%         2
 Gell's Gravitas          Tloc           0%         N/A       99%         3
 Teleport Other           Tloc           0%         N/A       99%         3
 Arcjolt                  Conj/Air       0%         1d10      100%        5
 Plasma Beam              Fire/Air       0%         2x1d10    100%        6
 Vhi's Electric Charge    Tloc/Air       Unusable   N/A       N/A         3

Dungeon Overview and Level Annotations

Branches:
Dungeon (4/15)             Temple (1/1) D:4

Altars:
Dithmenos
Elyvilon
Gozag
Kikubaaqudgha
Makhleb
Nemelex Xobeh
Okawaru
Qazlal
Ru
Sif Muna
Trog
Uskayaw
Vehumet
Wu Jian
Yredelemnul
Zin
The Shining One

Annotations:
D:4 Menkaure


Innate Abilities, Weirdness & Mutations

You cannot be hasted, slowed, berserked, paralysed or teleported.
You can dig through walls and to a lower floor.
You have a pair of large antennae on your head. (SInv)
Your four strong arms can wield two-handed weapons with a shield.


Message History

There is an ornate altar of the Wu Jian Council here.
You kneel at the altar of Wu Jian.
The Council welcomes you!
You can now perform damaging attacks by moving towards foes.
There's nothing to open nearby.
There is a staircase back to the Dungeon here.
You climb upwards.
Welcome back to the Dungeon!
There is a staircase to the Ecumenical Temple here.
You enter the shallow water.
Moving in this stuff is going to be slow.
Menkaure, Prince of Dust comes into view.
Menkaure shouts!
Okay, then.
As you read the scroll labelled OMUARR YMISO, it crumbles to dust.
It is a scroll of enchant armour.
Your +0 cloak of willpower glows green for a moment.
Okay, then.
Menkaure mumbles some strange words.
Menkaure seems to speed up.
Menkaure closely misses you.
You barely miss Menkaure.
Menkaure calls on the powers of darkness!
Your body is wracked with pain!
Menkaure calls on the powers of darkness!
Your body is wracked with pain!
* * * LOW HITPOINT WARNING * * *
You barely miss Menkaure. Menkaure closely misses you.
It was a potion of brilliance.
You feel clever all of a sudden. Menkaure hits you!
* * * LOW HITPOINT WARNING * * *
Menkaure completely misses you.
It was a potion of haste.
Your stasis prevents you from being hasted.
Menkaure calls on the powers of darkness!
You feel a surge of unholy energy.
It was a potion of resistance.
You feel protected. Menkaure hits you.
You die...

.....#.#.######### ### ##...###
.##..#.#.........###.#####)......
.....#.#######...................
..##.#.# ###<##########.#####
..##.#.# #.# ...# .......### ###
#.# #...# #.####.... ..###.####
#.... ..........##.#......#
#...## #.#.#.....##.#.#@##.##.
... ##.##.....##.#.#M.......
..[##.....##......#.##..
#####.....##...##.#.#
#####...............#
......§§§..##.#######
####.~~§~~.##.# ####†§§§~~§##.#
#...~§~>§§~##.#


You could see Menkaure (fast).

Vanquished Creatures
  Blork the orc (D:4)
  A hound (D:3)
  An iguana (D:4)
  5 adders
  3 worms
  A dart slug (D:1)
  2 orcs
  4 bats
  An endoplasm (D:3)
  2 giant cockroaches (D:2)
  6 goblins
  9 hobgoblins
  5 quokkas
  5 ball pythons
  7 frilled lizards
  5 kobolds
  6 rats
64 creatures vanquished.

Notes
Turn   | Place    | Note
-------+----------+-------------------------------------------
     0 | D:1      | Dylgear the Formicid Fighter began the quest for the Orb.
     0 | D:1      | Reached XP level 1. HP: 18/18 MP: 1/1
   165 | D:1      | Reached XP level 2. HP: 21/24 MP: 2/2
   323 | D:1      | Reached XP level 3. HP: 25/29 MP: 3/3
   387 | D:1      | Found a faded altar of an unknown god.
   554 | D:2      | Identified the +1 ring mail "Wuagof" {*Corrode Dex+6}
   617 | D:2      | Reached XP level 4. HP: 34/37 MP: 4/4
  1213 | D:3      | Found a glowing golden altar of the Shining One.
  1279 | D:3      | Reached XP level 5. HP: 18/42 MP: 5/5
  1892 | D:4      | Noticed Blork the orc
  1899 | D:4      | Killed Blork the orc
  1900 | D:4      | Reached skill level 5 in Shields
  1900 | D:4      | Reached XP level 6. HP: 48/48 MP: 6/6
  2092 | D:4      | Found a staircase to the Ecumenical Temple.
  2124 | Temple   | Entered the Ecumenical Temple
  2265 | Temple   | Became a worshipper of the Wu Jian Council
  2300 | D:4      | Noticed Menkaure
  2309 | D:4      | HP: 1/48 [Menkaure (14)]
  2311 | D:4      | Slain by Menkaure

Illustrated notes

Levels and vault maps discovered:
D:1:      psy_arrival_dodecagon, layout_rooms, basic_ecumenical_altar,
          hangedman_decor_riveting, corexii_corridor_pit, minmay_split_cup_large
D:2:      layout_rooms, serial_park_tiny_2, eino_tiny_chamber
D:3:      layout_basic, lemuel_round_altar
D:4:      layout_loops_cross, mainiacjoe_overflow_surrounded_room,
          minmay_temple_entry_mist, uniq_crazy_yiuf_cottage, uniq_blork_the_orc,
          uniq_menkaure
Temple:   kb_temple_of_zot

Skill      XL: |  1  2  3  4  5  6 |
---------------+-------------------+-----
Axes           | 3 4 |  4.2
Armour         | 4 |  4.4
Fighting       | 4 |  4.1
Shields        | 5 |  5.0
Dodging        | |  0.6
Stealth        | |  0.3

Action                     |  1- 3 |  4- 6 || total
---------------------------+-------+-------++-------
  Melee: War axe           |    76 |   127 ||   203
    Use: Scroll            |     1 |     7 ||     8
         Potion            |       |     4 ||     4
 Armour: Scale mail        |    34 |    48 ||    82
  Dodge: Dodged            |    33 |    60 ||    93
  Block: Buckler           |    25 |    38 ||    63

Table legend: (Time is in decaauts)
 A = Elapsed time spent in this place.
 B = Non-inter-level travel time spent in this place.
 C = Inter-level travel time spent in this place.
 D = Time resting spent in this place.
 E = Time spent auto-exploring this place.
 F = Levels seen in this place.
 G = Mean time per level.
                   A        B        C        D        E       F      G
               +--------+--------+--------+--------+--------+-----+--------+
         Total |   2400 |   2188 |    212 |    226 |   1193 |   5 |  480.0 |
       Dungeon |   2232 |   2045 |    187 |    226 |   1101 |   4 |  558.0 |
        Temple |    167 |    142 |     25 |      0 |     92 |   1 |  167.0 |
               +--------+--------+--------+--------+--------+-----+--------+

Top non-repeatable levels by time:
     D:3: 713 daAuts
     D:2: 637 daAuts
     D:1: 610 daAuts
     D:4: 270 daAuts
  Temple: 167 daAuts
